Map: Dusk Towers

Players

Believe - Winner!

  • Race: Terran Terran
  • League: Grandmaster

Raze

  • Race: Terran Terran
  • League: Grandmaster

VOD

Have the link to the VOD?

Description

Time

  • Played on: March 1, 2016, 1:13 a.m.
  • Length: 15:02
Show
View Real Time Build Order
Export as new Build Order

Believe Terran - Winner!

Build Orders: Reaper Expand, Bio Tank 

Get SALT Encoding   

  12  0:01  SCV  
  13  0:13  SCV  
  14  0:19  Supply Depot  
  14  0:25  SCV  
  15  0:41  SCV  
  16  0:45  Barracks  
  16  0:48  Refinery  
  16  0:53  SCV  
  17  1:05  SCV  
  18  1:17  SCV  
  19  1:31  Orbital Command  
  19  1:33  Reaper  
  20  1:44  Command Center  
  20  1:52  Supply Depot  
  20  1:56  SCV  
  21  2:05  Marine  
  22  2:09  SCV  
  23  2:18  Factory  
  23  2:21  SCV  
  24  2:27  Barracks Reactor  
  24  2:33  SCV  
  25  2:45  SCV  
  26  2:52  Command Center  
  26  2:55  Orbital Command  
  26  2:57  SCV  
  27  3:01  Factory Tech Lab, Refinery  
  27  3:06  Marine x2  
  27  3:09  SCV  
  30  3:21  SCV  
  30  3:23  SCV  
  30  3:24  Marine x2  
  34  3:29  Cyclone  
  34  3:33  SCV, Supply Depot  
  38  3:35  SCV  
  39  3:42  Marine x2  
  39  3:45  SCV  
  42  3:50  SCV  
  43  3:58  Starport  
  43  4:00  Marine x2  
  43  4:01  Refinery  
  38  4:11  Orbital Command  
  38  4:14  Siege Tank  
  38  4:16  SCV  
  42  4:17  SCV, Marine  
  42  4:18  Marine  
  45  4:30  SCV  
  46  4:35  Marine  
  46  4:36  Marine  
  46  4:38  Barracks  
  47  4:39  Barracks  
  47  4:40  Medivac  
  49  4:48  Supply Depot  
  49  4:53  SCV, Marine  
  49  4:54  Siege Tank  
  45  5:08  SCV  
  45  5:11  Marine  
  45  5:12  Marine  
  45  5:13  SCV  
  49  5:16  SCV  
  49  5:32  SCV  
  49  5:33  Barracks Reactor, Barracks Tech Lab  
  49  5:34  Medivac  
  53  5:35  SCV  
  53  5:38  Engineering Bay  
  53  5:39  SCV  
  53  5:40  Refinery  
  53  5:41  Engineering Bay  
  53  5:42  Supply Depot  
  54  5:44  SCV  
  54  5:46  Marine  
  54  5:47  Marine  
  54  5:49  SCV  
  58  5:51  Marine  
  58  5:55  Stimpack  
  56  6:01  SCV  
  57  6:04  Marine  
  57  6:07  SCV  
  57  6:10  Marine x3  
  62  6:17  Siege Tank  
  65  6:19  SCV  
  65  6:21  SCV  
  65  6:25  SCV  
  65  6:31  SCV  
  60  6:33  SCV  
  60  6:37  SCV  
  60  6:39  Marine x2  
  62  6:45  SCV  
  62  6:50  SCV  
  62  6:54  Terran Infantry Weapons Level 1, Orbital Command  
  63  6:58  Marine x3  
  66  7:05  Terran Infantry Armor Level 1  
  66  7:06  Missile Turret  
  66  7:07  SCV  
  67  7:09  Starport Reactor  
  67  7:13  SCV  
  68  7:19  SCV, Marine x2  
  68  7:20  Marine x2  
  68  7:21  SCV  
  74  7:25  SCV  
  74  7:28  Supply Depot  
  75  7:30  Supply Depot, Marine  
  75  7:31  SCV, Siege Tank  
  75  7:34  SCV  
  81  7:37  Marine x2  
  81  7:38  SCV  
  81  7:42  Sensor Tower  
  81  7:43  SCV  
  85  7:48  Armory  
  85  7:50  Medivac, SCV x2, Marine x3  
  92  7:51  Refinery  
  92  7:55  SCV, Marine  
  94  8:02  SCV x2, Barracks, Marine  
  94  8:03  Siege Tank  
  94  8:04  Barracks  
  100  8:07  SCV  
  101  8:16  Supply Depot  
  101  8:18  Supply Depot  
  101  8:22  Combat Shields  
  101  8:27  Supply Depot  
  101  8:28  Medivac x2, SCV x2, Marine x2  
  109  8:37  SCV, Marine x3  
  113  8:44  Siege Tank  
  113  8:46  SCV, Marine x2  
  119  8:49  Marine  
  119  8:50  Supply Depot x2  
  119  8:55  Marine x3  
  122  9:04  Marine x2  
  122  9:06  Marine  
  122  9:07  Marine  
  122  9:08  Medivac x2  
  128  9:13  Marine x3  
  128  9:16  Terran Infantry Weapons Level 2  
  128  9:17  Siege Tank  
  134  9:18  SCV  
  134  9:21  Marine x2  
  137  9:24  Marine  
  137  9:25  SCV, Marine  
  137  9:29  Supply Depot  
  137  9:30  Supply Depot, Marine x3  
  143  9:37  Terran Infantry Armor Level 2  
  143  9:38  Medivac  
  145  9:39  Marine x2  
  145  9:40  Factory  
  145  9:42  Marine  
  145  9:43  Marine  
  149  9:50  Marine x3  
  152  9:57  Marine x2  
  147  10:00  Marine  
  147  10:01  Marine  
  147  10:05  Medivac, Siege Tank  
  150  10:08  Medivac, Marine x3  
  131  10:15  Marine x2  
  131  10:20  Barracks Reactor  
  131  10:21  Barracks Reactor  
  131  10:23  Missile Turret  
  131  10:26  Missile Turret, Marine x3  
  134  10:30  Factory Tech Lab  
  134  10:31  Supply Depot  
  134  10:33  Marine x2  
  134  10:35  Terran Vehicle Weapons Level 1  
  136  10:38  Medivac, Siege Tank  
  141  10:44  Marine x3  
  141  10:49  Siege Tank  
  147  10:50  Marine  
  147  10:51  Marine  
  149  11:01  Marine x3  
  149  11:03  Marine x3  
  155  11:04  Medivac  
  155  11:08  Marine x2  
  155  11:10  Command Center, Siege Tank  
  158  11:19  Marine x3  
  153  11:28  Marine  
  153  11:29  Marine  
  153  11:31  Marine  
  153  11:32  Marine  
  154  11:34  Medivac, Siege Tank  
  154  11:36  Marine x2  
  154  11:37  Refinery  
  149  11:42  Siege Tank  
  149  11:45  Marine x2  
  149  11:46  Marine x3  
  148  11:55  Barracks x2  
  148  11:56  Barracks  
  148  12:00  Marine x2  
  147  12:03  Marine x2  
  147  12:04  Marine  
  147  12:06  Siege Tank  
  153  12:14  Siege Tank  
  145  12:28  SCV  
  144  12:38  Siege Tank  
  144  12:41  Marine  
  144  12:42  Marine  
  144  12:43  Sensor Tower  
  149  12:48  Missile Turret  
  149  12:49  Marine x4  
  149  12:50  Marine x3  
  149  12:51  Siege Tank  
  159  12:52  Barracks Reactor x3  
  159  12:59  Sensor Tower  
  159  13:00  Refinery  
  159  13:04  Marine  
  159  13:05  Planetary Fortress  
  160  13:10  Siege Tank  
  160  13:11  Marine x4  
  165  13:30  Marine  
  165  13:31  Marine x3  
  165  13:32  Siege Tank, Marine  
  165  13:33  Marine x10  
  180  13:34  Medivac x2  
  178  13:42  Siege Tank  
  181  13:53  Marine x2  
  170  13:57  Marine  
  170  13:58  Marine  
  170  14:01  Marine x8  
  174  14:03  Widow Mine  
  171  14:14  Siege Tank  
  171  14:16  Command Center  
  174  14:29  Marine x2  
  174  14:56  Sensor Tower  
Show
View Real Time Build Order
Export as new Build Order

Raze Terran 

Build Orders: 1/1/1, Bio Tank 

Get SALT Encoding   

  12  0:01  SCV  
  13  0:13  SCV  
  14  0:17  Supply Depot  
  14  0:25  SCV  
  15  0:39  SCV  
  15  0:40  Barracks  
  16  0:44  Refinery  
  16  0:51  SCV  
  17  0:58  Refinery  
  17  1:03  SCV  
  18  1:15  SCV  
  19  1:27  Orbital Command, Marine  
  20  1:36  Factory  
  20  1:41  Supply Depot  
  20  1:48  Marine  
  20  1:53  SCV  
  22  2:05  SCV  
  22  2:06  Barracks Reactor  
  23  2:21  Starport  
  23  2:22  Factory Tech Lab  
  23  2:25  SCV  
  23  2:28  Supply Depot  
  24  2:37  SCV  
  24  2:41  Hellion  
  24  2:42  Marine x2  
  29  2:49  SCV  
  30  2:59  Medivac  
  30  3:00  Marine x2  
  30  3:02  Siege Tank  
  37  3:07  Supply Depot  
  37  3:15  SCV  
  37  3:17  Marine  
  39  3:29  Marine  
  39  3:32  Medivac  
  42  3:34  Siege Tank  
  42  3:40  Marine  
  46  3:44  SCV  
  47  3:58  Supply Depot  
  47  4:02  Marine x2  
  42  4:20  Marine x2  
  42  4:21  SCV  
  45  4:26  Command Center  
  45  4:33  Siege Tank  
  45  4:36  Medivac  
  45  4:37  Marine  
  45  4:38  Marine  
  51  4:39  SCV  
  53  4:46  Supply Depot  
  47  5:07  Marine x2  
  47  5:12  Medivac, Siege Tank  
  54  5:15  SCV  
  53  5:31  Marine x2  
  53  5:32  SCV  
  51  5:35  Barracks  
  51  5:36  Engineering Bay, Barracks  
  51  5:41  Orbital Command  
  51  5:53  SCV  
  51  5:54  Marine x2  
  51  6:05  Starport Reactor, Siege Tank  
  51  6:06  SCV  
  51  6:10  Terran Infantry Weapons Level 1  
  54  6:11  Marine x2  
  54  6:13  SCV  
  57  6:23  Barracks Tech Lab  
  57  6:24  SCV  
  58  6:29  SCV, Marine x2  
  57  6:36  Barracks Reactor  
  57  6:38  SCV  
  58  6:43  SCV  
  59  6:47  Marine x2  
  59  6:50  Marine  
  57  6:56  Siege Tank  
  57  6:57  Stimpack  
  57  6:58  SCV x2, Refinery  
  62  7:03  Command Center  
  62  7:05  Marine x2  
  62  7:08  Marine  
  65  7:10  SCV x2  
  67  7:20  Marine x2  
  69  7:23  SCV x2, Marine x2  
  69  7:25  Refinery  
  69  7:28  Siege Tank, Viking  
  78  7:38  Barracks  
  78  7:41  Barracks  
  78  7:42  Supply Depot  
  78  8:02  Supply Depot  
  78  8:03  Marine x3  
  78  8:04  SCV x2, Siege Tank  
  78  8:05  Terran Infantry Armor Level 1  
  86  8:09  Supply Depot  
  86  8:14  Medivac x2, Marine x2  
  86  8:16  SCV  
  93  8:40  Siege Tank  
  96  8:42  Barracks Reactor, Orbital Command  
  96  8:43  Marine  
  96  8:44  Medivac x2  
  96  8:45  Marine  
  96  8:46  Barracks Reactor  
  102  8:49  SCV x2  
  102  8:53  Marine  
  102  8:54  Marine x2  
  106  9:00  Marine  
  106  9:01  SCV  
  105  9:03  Marine  
  105  9:07  SCV  
  102  9:15  Siege Tank  
  102  9:16  Orbital Command  
  105  9:18  SCV  
  106  9:25  Marine x6  
  106  9:26  SCV  
  106  9:28  Combat Shields  
  113  9:36  Marine  
  114  9:42  SCV x3  
  117  9:48  Marine  
  114  9:54  SCV x2  
  112  10:06  Engineering Bay, SCV  
  113  10:12  Marine  
  80  10:19  SCV x3  
  80  10:25  Marine  
  80  10:26  Marine x7  
  80  10:28  Siege Tank  
  91  10:29  Medivac x2, Marine  
  91  10:33  Armory  
  96  10:38  SCV  
  96  10:39  SCV, Sensor Tower  
  96  10:40  Factory  
  98  10:43  Marine x3  
  98  10:44  Marine  
  102  10:54  Marine x2  
  103  10:57  Refinery x2  
  103  10:58  Medivac  
  103  11:00  Siege Tank  
  102  11:07  Marine  
  102  11:08  Marine x5  
  108  11:14  Barracks  
  108  11:16  Barracks  
  108  11:23  Marine  
  103  11:35  Marine  
  103  11:37  Marine  
  103  11:38  Factory Tech Lab  
  103  11:41  Marine  
  103  11:42  Marine x2  
  99  11:51  Terran Infantry Weapons Level 2  
  99  11:52  Marine  
  99  11:54  Terran Infantry Armor Level 2  
  93  11:58  Factory Tech Lab  
  91  12:21  SCV x2, Siege Tank, Marine x3  
  96  12:31  Marine  
  96  12:32  Marine  
  96  12:33  Barracks Reactor  
  98  12:39  Marine x2  
  98  12:41  Supply Depot  
  98  12:42  Supply Depot x2  
  100  12:46  Starport Reactor, Barracks x2  
  100  12:49  Barracks, Marine  
  101  12:56  Supply Depot x3  
  101  12:57  Supply Depot  
  101  12:58  Supply Depot  
  101  13:02  Siege Tank, Marine x3  
  107  13:08  Refinery  
  107  13:14  SCV  
  107  13:15  SCV, Sensor Tower  
  98  13:33  Medivac, Siege Tank  
  92  13:44  Marine x3  
  92  13:47  Supply Depot  
  92  13:48  Supply Depot, Marine  
  95  13:52  Factory Tech Lab  
  95  13:54  Marine  
  95  13:55  Marine x2  
  71  13:58  Orbital Command  
  71  14:02  Marine x3  
  65  14:06  Marine  
  55  14:12  Marine x3  
  58  14:19  Marine  
  58  14:20  Marine x2  
  58  14:23  Siege Tank  
  58  14:24  Marine  
  65  14:30  Marine x3  
  68  14:36  Starport Reactor  
  68  14:37  Marine  
  68  14:38  Marine x2  
  71  14:41  Marine  
Tags
 
Add a new tag
Caveats
  • Supply blocks, unpowered buildings, or Contaminate may cause inaccurate times.
  • Supply counts are checked every 10 seconds.